 Seeded DCSS version 0.30-a0-613-gdd512c7efb (webtiles) character file.

Game seed: 2050236378858804499 (custom seed)

655 purpskrrrp the Combatant (level 7, 0/53 HPs)
             Began as a Demonspawn Gladiator on Jan 9, 2023.
             Was a Follower of Okawaru.
             Slain by a shadow imp (2 damage)
             ... in a sewer.
             The game lasted 00:07:11 (3726 turns).

purpskrrrp the Combatant (Demonspawn Gladiator)     Turns: 3726, Time: 00:07:11

Health: 0/53       AC:  3    Str: 14      XL:     7   Next: 29%
Magic:  10/10      EV: 10    Int: 10      God:    Okawaru [*.....]
Gold:   139        SH:  7    Dex: 12 (16) Spells: 6/6 levels left

rFire   . . .      SeeInvis .    a - +0 long sword (freeze)
rCold   . . .      Faith    .    y - +0 kite shield
rNeg    . . .      Spirit   .    b - +0 leather armour
rPois   .          Reflect  .    (helmet restricted)
rElec   .          Harm     .    h - +0 cloak
rCorr   +          Rampage  .    (no gloves)
Will    .....                    (no boots)
Stlth   +                        (no amulet)
HPRegen 0.28/turn                w - ring of resist corrosion
MPRegen 0.12/turn                (no ring)

@: mighty, hasted, very quick
A: horns 1, rugged brown scales 1, powered by death 2, spiny 1, deformed body
a: Renounce Religion, Heroism


You were in a sewer.
You worshipped Okawaru.
Okawaru was aware of your devotion.
You visited 1 branch of the dungeon, and saw 5 of its levels.
You also visited: Sewer.

You collected 234 gold pieces.
You spent 95 gold pieces at shops.

Inventory:

Hand Weapons
 a - a +0 long sword of freezing (weapon)
Missiles
 d - 2 throwing nets (quivered)
 e - a javelin
 q - 10 poisoned darts
Armour
 b - a +0 leather armour (worn)
 c - a +0 helmet
 h - a +0 cloak (worn)
 y - a +0 kite shield (worn)
Jewellery
 r - a ring of ice
 w - a ring of resist corrosion (left hand)
Scrolls
 f - a scroll of noise {unknown}
 i - 2 scrolls of identify
 n - 3 scrolls of teleportation
 o - a scroll of summoning {unknown}
 p - 2 scrolls of silence {unknown}
 s - 2 scrolls of enchant armour {unknown}
 t - 2 scrolls of poison {unknown}
 x - a scroll of amnesia {unknown}
Potions
 g - a potion of degeneration {unknown}
 j - 3 potions of flight
 k - a potion of haste
 l - a potion of cancellation
 m - a potion of might


   Skills:
 + Level 3.4 Fighting
 * Level 4.7 Long Blades
 + Level 3.1 Throwing
 + Level 3.7 Dodging
 + Level 1.6 Shields
 * Level 4.7 Invocations


You had 6 spell levels left.
You didn't know any spells.
Your spell library contained the following spells:

 Spells                   Type           Power      Damage    Failure   Level
 Hailstorm                Conj/Ice       0%         3d3       99%         3
 Ozocubu's Armour         Ice            0%         N/A       99%         3
 Ice Form                 Ice/Tmut       0%         N/A       100%        4
 Ozocubu's Refrigeration  Ice            0%         4d7       100%        7
 Simulacrum               Ice/Necr       Unusable   N/A       N/A         6

Dungeon Overview and Level Annotations

Branches:
Dungeon (5/15)             Temple (0/1) D:5           Sewer (1/1)

Altars:
Nemelex Xobeh
Okawaru
Qazlal
Sif Muna

Shops:
D:3 [*[?!

Annotations:
Sewer Grinder


Innate Abilities, Weirdness & Mutations

You have a pair of small horns on your head.
You are partially covered in rugged brown scales. (AC +1, +3% HP)
You regenerate health from kills.
You are partially covered in sharp spines.
Armour fits poorly on your strangely shaped body.


Message History

You writhe in agony.
* * * LOW HITPOINT WARNING * * *
The shadow imp is struck by your spines.
The shadow imp barely misses you.
It was a potion of cancellation.
You feel magically purged. Grinder hits you.
* * * LOW HITPOINT WARNING * * *
You writhe in agony.
* * * LOW HITPOINT WARNING * * *
You block the shadow imp's attack.
Okay, then.
Okay, then.
You feel yourself speed up. Grinder closely misses you.
The shadow imp hits you but does no damage.
You feel very mighty all of a sudden. Grinder is struck by your spines.
Grinder closely misses you. The shadow imp hits you.
* * * LOW HITPOINT WARNING * * *
Grinder blinks!
Okay, then.
As you read the scroll of fog, it crumbles to dust.
The scroll dissolves into smoke.
You slash the shadow imp!
You kill the shadow imp!
Okawaru accepts your kill.
There is an open door here.
You close the door.
You start resting.
A shadow imp opens the door.
You feel like a meek peon again.
You are too injured to fight recklessly!
You closely miss the shadow imp. Your headbutt misses the shadow imp.
The shadow imp barely misses you.
You hit the shadow imp. Your headbutt misses the shadow imp.
The shadow imp is moderately wounded.
The shadow imp hits you.
* * * LOW HITPOINT WARNING * * *
You hit the shadow imp but do no damage.
The shadow imp is moderately wounded.
The shadow imp hits you.
You die...

#≈≈≈#≈≈≈≈≈≈≈...#≈≈≈≈≈≈#
#≈≈≈≈≈≈#...#≈≈≈≈≈≈#
#≈≈≈≈≈≈#..†≈≈≈≈≈≈≈#
#≈≈≈≈≈≈#...#≈≈≈≈≈≈#
#≈≈≈≈≈≈≈...#~≈≈≈≈≈#
#≈≈≈≈≈≈#...#≈≈≈≈≈≈#
#≈≈≈~≈.))≈...~≈≈≈≈#
#~~5≈..#≈≈≈#..≈~.≈#
#..5@..#~≈≈#......#
#'#######≈#######'#
~#.§§5§§#...#†.....#
#≈~~~§≈§§§§§K5)..)~~.†#
#~~≈#≈≈§§§§#.).#≈≈≈~≈≈#
#############5#########
#..)# #...○...#
...'.......'...


You could see Grinder and a shadow imp.

Vanquished Creatures
  2 black bears
  A kobold brigand (Sewer)
  A scorpion (D:5)
  2 quasits (Sewer)
  A hound (D:4)
  Crazy Yiuf (D:4)
  Jessica (D:3)
  Ijyb (D:4)
  2 adders
  3 shadow imps (Sewer)
  An ufetubus (Sewer)
  8 worms
  2 dart slugs
  2 orcs (D:4)
  10 ball pythons
  8 bats
  A bat zombie (Sewer)
  6 endoplasms
  3 giant cockroaches
  7 goblins
  10 hobgoblins
  3 quokkas
  2 frilled lizards (D:3)
  23 kobolds
  6 rats
107 creatures vanquished.

Vanquished Creatures (others)
  3 plants (D:1)
3 creatures vanquished.

Grand Total: 110 creatures vanquished

Notes
Turn   | Place    | Note
-------+----------+-------------------------------------------
     0 | D:1      | purpskrrrp the Demonspawn Gladiator began the quest for the
                  | Orb.
     0 | D:1      | Reached XP level 1. HP: 16/16 MP: 1/1
   308 | D:1      | Gained mutation: You regenerate a little health from kills.
                  | [demonic ancestry]
   308 | D:1      | Reached XP level 2. HP: 22/22 MP: 2/2
   327 | D:1      | Found a faded altar of an unknown god.
   338 | D:1      | Prayed at the altar of an unknown god.
   338 | D:1      | Became a worshipper of Warmaster Okawaru
   338 | D:1      | Reached * piety under Okawaru
  1146 | D:2      | Gained mutation: You regenerate health from kills. [demonic
                  | ancestry]
  1146 | D:2      | Reached XP level 3. HP: 26/28 MP: 3/3
  1453 | D:2      | Found a sparkling altar of Nemelex Xobeh.
  1807 | D:3      | Noticed Jessica
  1815 | D:3      | Reached skill level 1 in Invocations
  1824 | D:3      | Killed Jessica
  1825 | D:3      | Gained mutation: You have a pair of small horns on your
                  | head. [demonic ancestry]
  1825 | D:3      | Reached XP level 4. HP: 18/34 MP: 3/5
  1869 | D:3      | Found Jusuebe's Distillery.
  1910 | D:3      | Found Hekhlu Weij's Magic Scroll Shoppe.
  1937 | D:3      | Found Ceocoff's Antique Armour Emporium.
  1950 | D:3      | Found Cifuh's Assorted Antiques.
  1989 | D:3      | Bought a scroll of brand weapon for 95 gold pieces
  2020 | D:3      | Found Noihech's Armour Shop.
  2527 | D:4      | Gained mutation: You are dopey. (Int -2) [potion of
                  | mutation]
  2527 | D:4      | Lost mutation: You are dopey. (Int -2) [potion of mutation]
  2527 | D:4      | Gained mutation: Armour fits poorly on your strangely
                  | shaped body. [potion of mutation]
  2541 | D:4      | Noticed a black bear
  2552 | D:4      | Gained mutation: You are partially covered in rugged brown
                  | scales. (AC +1, +3% HP) [demonic ancestry]
  2552 | D:4      | Reached XP level 5. HP: 28/40 MP: 6/6
  2565 | D:4      | Killed a black bear
  2615 | D:4      | Found a stormy altar of Qazlal.
  2689 | D:4      | Found a shimmering blue altar of Sif Muna.
  3005 | D:4      | Noticed Ijyb
  3025 | D:4      | Killed Ijyb
  3026 | D:4      | Reached XP level 6. HP: 21/48 MP: 8/8
  3246 | D:4      | Found a runed translucent door.
  3247 | D:4      | Noticed Crazy Yiuf
  3254 | D:4      | Killed Crazy Yiuf
  3390 | D:5      | Entered Level 5 of the Dungeon
  3409 | D:5      | Reached skill level 1 in Shields
  3425 | D:5      | Found a staircase to the Ecumenical Temple.
  3463 | D:5      | Found a glowing drain.
  3504 | Sewer    | Entered a sewer
  3651 | Sewer    | Gained mutation: You are partially covered in sharp spines.
                  | [demonic ancestry]
  3651 | Sewer    | Reached XP level 7. HP: 44/53 MP: 10/10
  3657 | Sewer    | Found a burning altar of Makhleb.
  3682 | Sewer    | Noticed Grinder
  3698 | Sewer    | Paralysed by Grinder for 4 turns
  3725 | Sewer    | HP: 2/53 [shadow imp (5)]
  3726 | Sewer    | Slain by a shadow imp

Illustrated notes

Levels and vault maps discovered:
D:1:      lightli_arrival_maybe_door_vault, layout_basic,
          shapermc_ecumenical_altar_pompeii, chequers_serial_rivers_micro_e,
          minmay_shallow_snake_nest
D:2:      layout_basic, basic_altar, minivault_26, hangedman_decor_points,
          kennysheep_nub, feat_on_display
D:3:      layout_basic, serial_shops, nicolae_diamond_shop, nicolae_square_shop,
          shop, shop, shop, uniq_jessica
D:4:      minmay_opposing_rooms, layout_basic, mainiacjoe_overflow_boulevard,
          mainiacjoe_overflow_24_doors, mainiacjoe_overflow_chevrons,
          kennysheep_little_box, amcnicky_mini_pool_small,
          uniq_crazy_yiuf_cottage, uniq_ijyb
D:5:      layout_loops_ring, lemuel_doored_altar, general_overflow_altar,
          minmay_temple_entry_tees, cheibrodos_sewer_entry_bend, goddamned_bats,
          uniq_menkaure, uniq_eustachio
Sewer:    kennysheep_sewer_church

Skill      XL: |  1  2  3  4  5  6 |
---------------+-------------------+-----
Long Blades    | 3 4 |  4.7
Throwing       | 2 3 |  3.1
Dodging        | 3 |  3.7
Invocations    | 1 2 3 4 |  4.7
Fighting       | 3 |  3.4
Shields        | 1 |  1.6

Action                   |  1- 3 |  4- 6 |  7- 9 || total
-------------------------+-------+-------+-------++-------
Melee: Long sword        |   106 |   197 |    26 ||   329
       Headbutt          |       |    23 |     2 ||    25
Throw: Throwing net      |       |     1 |       ||     1
Invok: Heroism           |       |     2 |     1 ||     3
  Use: Scroll            |     4 |     6 |     1 ||    11
       Potion            |       |     3 |     4 ||     7
 Stab: Sleeping          |       |     3 |       ||     3
Armor: Leather armour    |    32 |    55 |    10 ||    97
Dodge: Dodged            |    68 |   105 |    27 ||   200
Block: Kite shield       |       |    71 |    17 ||    88

Table legend: (Time is in decaauts)
 A = Elapsed time spent in this place.
 B = Non-inter-level travel time spent in this place.
 C = Inter-level travel time spent in this place.
 D = Time resting spent in this place.
 E = Time spent auto-exploring this place.
 F = Levels seen in this place.
 G = Mean time per level.
                   A        B        C        D        E       F      G
               +--------+--------+--------+--------+--------+-----+--------+
         Total |   3817 |   3689 |    128 |      6 |   2771 |   6 |  636.2 |
       Dungeon |   3576 |   3448 |    128 |      0 |   2723 |   5 |  715.2 |
         Sewer |    241 |    241 |      0 |      6 |     48 |   1 |  241.0 |
               +--------+--------+--------+--------+--------+-----+--------+

Top non-repeatable levels by time:
     D:4: 1128 daAuts
     D:1: 1040 daAuts
     D:2: 788 daAuts
     D:3: 489 daAuts
   Sewer: 241 daAuts
     D:5: 129 daAuts
